 Dungeon Crawl Stone Soup version 0.27-a0-1416-g941b2bd30b (webtiles) character file.

Game seed: 10727921766903456772

184 Sin92 the Skirmisher (level 5, -4/41 HPs)
             Began as a Demonspawn Fighter on Dec 10, 2020.
             Slain by a gnoll (5 damage)
             ... on level 3 of the Dungeon on July 1, 2021.
             The game lasted 00:04:55 (3417 turns).

Sin92 the Skirmisher (Demonspawn Fighter)           Turns: 3417, Time: 00:04:56

Health: -4/41      AC: 13    Str: 16 (17) XL:     5   Next: 36%
Magic:  5/5        EV:  2    Int:  8 (10) God:
Gold:   166        SH:  8    Dex: 10 (12) Spells: 4/4 levels left

rFire    + . .     SeeInvis .   a - +0 war axe
rCold    . . .     Faith    .   c - +0 kite shield
rNeg     . . .     Spirit   .   j - +0 plate armour
rPois    .         Reflect  .   g - +0 helmet
rElec    .         Harm     .   (no cloak)
rCorr    .         Rampage  .   f - +0 pair of gloves
Will     .....                  (no boots)
Stlth    ..........             (no amulet)
HPRegen  0.13/turn              (no ring)
MPRegen  0.09/turn              (no ring)

@: no status effects
A: talons 1, fire resistance 1, powered by death 1
a: no special abilities


You were on level 3 of the Dungeon.
You visited 1 branch of the dungeon, and saw 3 of its levels.

You collected 166 gold pieces.

Inventory:

Hand Weapons
 a - a +0 war axe (weapon)
Missiles
 l - 5 curare-tipped darts
 n - 2 throwing nets (quivered)
Armour
 c - a +0 kite shield (worn)
 f - a +0 pair of gloves (worn)
 g - a +0 helmet (worn)
 j - a +0 plate armour (worn)
Scrolls
 b - 2 scrolls of brand weapon {unknown}
 e - 3 scrolls of identify
 i - 3 scrolls of teleportation
 k - 2 scrolls of enchant armour {unknown}
 o - a scroll of acquirement {unknown}
Potions
 d - 2 potions of might
 h - a potion of curing {unknown}
 m - a potion of flight {unknown}


   Skills:
 + Level 3.6 Fighting
 * Level 3.3 Axes
 + Level 3.3 Armour
 + Level 1.5 Dodging
 + Level 3.2 Shields


You had 4 spell levels left.
You didn't know any spells.
Your spell library was empty.

Dungeon Overview and Level Annotations

Branches:
Dungeon (3/15)

Altars:
Ashenzari
Cheibriados
Kikubaaqudgha
Makhleb
Wu Jian

Annotations:
D:2 1 runed translucent door, Crazy Yiuf


Innate Abilities, Weirdness & Mutations

You have sharp toenails.
Your flesh is heat resistant. (rF+)
You regenerate a little health from kills.


Message History

The gnoll hits you with a +0 club.
The gnoll hits you from afar with a +0 halberd!
The gnoll hits you but does no damage.
You hit the gnoll but do no damage.
The gnoll is moderately wounded.
Your plate armour prevents you from hitting the gnoll.
The gnoll hits you but does no damage. You block the gnoll's attack.
The gnoll hits you but does no damage. You block the gnoll's attack.
The gnoll hits you with a +0 flail!
The gnoll hits you from afar with a +0 halberd!
You block the gnoll's attack. The gnoll hits you but does no damage.
You are too injured to fight recklessly!
Unknown command.
You are too injured to fight recklessly!
Unknown command.
You are too injured to fight recklessly!
As you read the scroll labelled GUYW CEIMISAMN, it crumbles to dust.
It is a scroll of identify.
i - 4 scrolls of teleportation The adder bites you but does no damage.
The gnoll hits you with a +0 flail. You block the gnoll's attack.
An endoplasm comes into view.
The gnoll hits you but does no damage. The gnoll barely misses you.
As you read the scroll of teleportation, it crumbles to dust.
You feel strangely unstable. The adder completely misses you.
The gnoll hits you but does no damage. x2
The gnoll hits you from afar with a +0 halberd.
* * * LOW HITPOINT WARNING * * *
The gnoll barely misses you. The adder bites you but does no damage.
The gnoll barely misses you. You block the gnoll's attack.
Your surroundings seem slightly different.
The gnoll hits you from afar with a +0 halberd.
* * * LOW HITPOINT WARNING * * *
The gnoll hits you but does no damage. You block the gnoll's attack.
The adder bites you.
* * * LOW HITPOINT WARNING * * *
The gnoll barely misses you. You block the adder's attack.
The gnoll hits you from afar with a +0 spear.
You die...

##### ....# .##.#
.##.######################
.##.......................
###.............g.g.......
................Sgg.......
.##.............@.........
......)..........J........
......†...................
..........................
###.......................
..........................
.........................
.................(.......
.......^............


You could see 4 gnolls, an adder and an endoplasm.

Vanquished Creatures
  An iguana (D:2)
  An orc wizard (D:3)
  An endoplasm (D:2)
  Robin (D:2)
  3 adders (D:2)
  4 dart slugs
  3 orcs (D:3)
  A removed leopard gecko (D:1)
  A giant cockroach (D:2)
  13 goblins
  8 hobgoblins
  2 jackals (D:3)
  5 bats
  3 frilled lizards
  7 kobolds
  11 rats
65 creatures vanquished.

Notes
Turn   | Place    | Note
-------+----------+-------------------------------------------
     0 | D:1      | Sin92 the Demonspawn Fighter began the quest for the Orb.
     0 | D:1      | Reached XP level 1. HP: 18/18 MP: 1/1
   163 | D:1      | Gained mutation: Your flesh is heat resistant. (rF+)
                  | [demonic ancestry]
   163 | D:1      | Reached XP level 2. HP: 24/24 MP: 2/2
   647 | D:1      | Reached XP level 3. HP: 29/29 MP: 3/3
  1039 | D:2      | Found a broken altar of Ashenzari.
  1076 | D:2      | Upgraded the game from 0.26-a0-1033-gd598b01645 to
                  | 0.27-a0-1416-g941b2bd30b
  1110 | D:2      | HP: 1/29 [iguana (7)]
  1113 | D:2      | Reached skill level 1 in Dodging
  1113 | D:2      | Gained mutation: You regenerate a little health from kills.
                  | [demonic ancestry]
  1113 | D:2      | Reached XP level 4. HP: 2/35 MP: 4/4
  1913 | D:2      | Found a runed translucent door.
  1914 | D:2      | Noticed Crazy Yiuf
  2079 | D:2      | Noticed Robin
  2091 | D:2      | Killed Robin
  2184 | D:2      | Gained mutation: You have sharp toenails. [demonic
                  | ancestry]
  2184 | D:2      | Reached XP level 5. HP: 40/41 MP: 5/5
  2303 | D:2      | Found a snail-covered altar of Cheibriados.
  2337 | D:2      | Found an ornate altar of the Wu Jian Council.
  2339 | D:2      | Found a burning altar of Makhleb.
  2374 | D:2      | Found an ancient bone altar of Kikubaaqudgha.
  2692 | D:2      | HP: 2/41 [poisoned by an orc wizard]
  3417 | D:3      | HP: 1/41 [adder (4)]
  3417 | D:3      | Slain by a gnoll

Illustrated notes

Levels and vault maps discovered:
D:1:      mrwooster_arrival_statue_3, layout_basic, serial_curves,
          eino_curves_02, eino_curves_02
D:2:      layout_loops_corners, nicolae_overflow_crystal_walls,
          kennysheep_slug_shrine, chequers_temple_overflow_statue_of_worship,
          evilmike_ruin_ashenzari, uniq_crazy_yiuf_cottage, uniq_robin
D:3:      layout_basic, shapermc_ecumenical_altar_hornbeckon

Skill      XL: |  1  2  3  4 |
---------------+-------------+-----
Axes           | 2 3 |  3.3
Armour         | 3 |  3.3
Dodging        | 1 |  1.5
Shields        | 3 |  3.2
Fighting       | |  3.6

Action                   |  1- 3 |  4- 6 || total
-------------------------+-------+-------++-------
Melee: War axe           |    86 |    82 ||   168
       Kick              |       |     6 ||     6
  Use: Scroll            |       |     2 ||     2
       Potion            |       |     1 ||     1
Armor: Scale mail        |    17 |       ||    17
       Plate armour      |    35 |    86 ||   121
Dodge: Dodged            |    14 |    14 ||    28
Block: Kite shield       |    58 |    68 ||   126

Table legend: (Time is in decaauts)
 A = Elapsed time spent in this place.
 B = Non-inter-level travel time spent in this place.
 C = Inter-level travel time spent in this place.
 D = Time resting spent in this place.
 E = Time spent auto-exploring this place.
 F = Levels seen in this place.
 G = Mean time per level.
                   A        B        C        D        E       F      G
               +--------+--------+--------+--------+--------+-----+--------+
         Total |   3511 |   3380 |    131 |   1069 |   1773 |   3 | 1170.3 |
       Dungeon |   3511 |   3380 |    131 |   1069 |   1773 |   3 | 1170.3 |
               +--------+--------+--------+--------+--------+-----+--------+

Top non-repeatable levels by time:
     D:2: 2018 daAuts
     D:1: 1026 daAuts
     D:3: 466 daAuts
